Cogmind - Beta 14 @@@ ROGUE MODE // 2024.12.08 @ 18:35:02 Player: sve9 Result: Destroyed by 5H-WN7(z) with Makeshift Sword Performance ------------- Evolutions (3) 1500 Regions Visited (10) 2000 Robots Destroyed (131) 655 Value Destroyed (3313) 3313 Prototype IDs (32) 640 Alien Tech Used (1) 200 Bonus (483) 483 TOTAL SCORE: 8791 Bonus ------- High Alert Combat Kills 165 Aligned with FarCom 300 Met Imprinter 300 Friendly Fire -282 Cogmind --------- Core Integrity 0/700 Matter 1/300 Energy 290/310 System Corruption 7% Temperature Cool (0) Movement Treading (325) Ox2 Location -7/Zion Parts ------- > --- POWER (1) -------- Heavy Deuterium Engine > --- PROPULSION (4) --- Light Treads (fused) Armored Treads > --- UTILITY (4) ------ High-capacity Storage Unit Hardened Heavy Armor Plating Improved Medium Armor Plating > --- WEAPON (4) ------- Missile Launcher CR-A16's Pointy Stick > --- INVENTORY (20) --- Makeshift Power Source Hardened Medium Armor Plating Hacking Suite Makeshift Hacking Suite Makeshift System Shield Makeshift System Shield High-powered Tractor Beam Heavy Rocket Launcher Peak State ------------ > --- POWER ------------ Heavy Deuterium Engine > --- PROPULSION ------- Light Treads Armored Treads Armored Treads Armored Treads > --- UTILITY ---------- High-capacity Storage Unit Signal Interpreter Improved Medium Armor Plating Hacking Drone Bay > --- WEAPON ----------- XL Autogun Array > --- INVENTORY -------- Heavy Deuterium Engine Light Treads Light Treads Armored Treads High-capacity Matter Pod Improved Targeting Computer Hardened Heavy Armor Plating Hardened Heavy Armor Plating Hardened Heavy Armor Plating Improved Medium Armor Plating Hacking Suite High-powered Tractor Beam Pulse Rifle Precision Assault Rifle Missile Launcher Heavy Rocket Launcher CR-A16's Pointy Stick [Rating: 72] Favorites ----------- Power Heavy Deuterium Engine Engine Heavy Deuterium Engine Power Core Nuclear Core Propulsion Light Treads Treads Light Treads Leg Makeshift Leg Utility Improved Medium Armor Plating Device Seismic Detector Storage High-capacity Storage Unit Processor Signal Interpreter Protection Improved Medium Armor Plating Weapon XL Autogun Array Energy Gun Improved Medium Laser Energy Cannon Advanced Beam Cannon Ballistic Gun XL Autogun Array Launcher Missile Launcher Impact Weapon Hammer Piercing Weapon CR-A16's Pointy Stick Build | -11 -10 -9 -9 -9 -8 -8 -7 -7 -7 -7 ------- Run | Yrd Mat Mat Min Exi Min Mat Fac Low Low Zio Slots Evolved 6 | . . 2 . . . 2 2 . . . Power . | . . . . . . . . . . . Propulsion 2 | . . . . . . 1 1 . . . Utility 2 | . . 1 . . . . 1 . . . Weapon 2 | . . 1 . . . 1 . . . . Parts Attached 94 | 9 5 13 3 . . 20 12 3 1 28 Power 7 | 1 . 1 . . . 3 1 . . 1 Engine 4 | 1 . 1 . . . . 1 . . 1 Core 3 | . . . . . . 3 . . . . Reactor . | . . . . . . . . . . . Propulsion 27 | 2 . 2 . . . 8 4 . 1 10 Treads 26 | 2 . 2 . . . 8 4 . 1 9 Leg 1 | . . . . . . . . . . 1 Wheel . | . . . . . . . . . . . Hover . | . . . . . . . . . . . Flight . | . . . . . . . . . . . Utility 33 | 3 3 3 . . . 6 7 1 . 10 Device 6 | 2 . 1 . . . . . . . 3 Storage 6 | 1 3 1 . . . 1 . . . . Processor 3 | . . . . . . . 2 . . 1 Hackware . | . . . . . . . . . . . Protection 18 | . . 1 . . . 5 5 1 . 6 Artifact . | . . . . . . . . . . . Weapon 27 | 3 2 7 3 . . 3 . 2 . 7 Energy Gun 5 | 1 . 1 . . . . . . . 3 Energy Cannon 1 | . . 1 . . . . . . . . Ballistic Gun 14 | 2 1 4 2 . . 2 . 1 . 2 Ballistic Cannon . | . . . . . . . . . . . Launcher 5 | . . 1 1 . . 1 . 1 . 1 Special Weapon . | . . . . . . . . . . . Impact Weapon 1 | . 1 . . . . . . . . . Slashing Weapon . | . . . . . . . . . . . Piercing Weapon 1 | . . . . . . . . . . 1 Special Melee Weapon . | . . . . . . . . . . . Unidentified Prototypes 6 | . . 2 . . . . 1 1 . 2 Parts Lost 17 | . . 1 . . . 3 1 . . 12 Power 3 | . . 1 . . . 1 . . . 1 Propulsion 5 | . . . . . . . . . . 5 Utility 5 | . . . . . . 2 1 . . 2 Weapon 4 | . . . . . . . . . . 4 Highest Loss Streak 7 | . . 1 . . . 2 1 . . 7 To Critical Strikes 1 | . . . . . . 1 . . . . Average Slot Usage (%) 82 | . 100 100 100 100 100 68 75 75 76 77 Engine 7 | . 14 11 11 11 11 . 4 7 7 7 Core 1 | . . . . . . 8 2 . . . Treads 27 | . 28 22 22 22 22 27 30 30 30 28 Device 4 | . 14 11 11 11 11 1 . . . . Storage 8 | . 14 11 11 11 11 9 7 7 7 7 Processor 3 | . . . . . . . 6 7 7 5 Protection 11 | . . 11 11 11 11 12 14 14 15 13 Energy Gun 2 | . . 7 11 11 11 . . . . 2 Ballistic Gun 13 | . 27 25 21 22 22 8 7 6 7 6 Peak Build Rating 72 | 7 8 15 15 17 17 58 71 69 69 72 Average Rating 43 | 5 7 12 14 14 17 52 66 68 68 58 On Entrance 30 | . 7 8 14 14 17 17 58 69 69 67 Naked Turns . | . . . . . . . . . . . Heaviest Build 92 | 11 46 37 39 36 36 77 80 80 80 92 Greatest Support 96 | 40 40 40 40 40 40 62 82 82 82 96 Greatest Overweight (x) 1 | . 1 . . . . 1 . . . 1 Average Overweight (x) . | . . . . . . . . . . . Largest Inventory Capacity 20 | 8 20 15 15 15 15 20 20 20 20 20 Average Capacity 17 | 7 12 15 15 15 15 18 20 20 20 20 Most Carried 20 | 5 12 15 15 15 15 20 20 20 20 20 Average Carried 16 | 3 9 14 15 14 15 17 19 19 19 18 Final Capacity 20 | 8 15 15 15 15 15 20 20 20 20 20 Final Carried 20 | 5 12 15 15 15 15 20 20 20 20 8 Class Distribution -------------------- 44% | Tank 18% | Skirmisher 14% | Mutant 10% | Scavenger-Tank 6% | Scavenger-Skirmisher 4% | Scavenger-Mutant Dominant Class ---------------- Mutant | -10/Materials Tank | -9/Materials Tank | -9/Mines Scavenger-Tank | -9/Exiles Scavenger-Skirmisher | -8/Mines Skirmisher | -8/Materials Skirmisher | -7/Factory Tank | -7/Lower Caves Tank | -7/Lower Caves Tank | -7/Zion Resources | -11 -10 -9 -9 -9 -8 -8 -7 -7 -7 -7 ----------- Run | Yrd Mat Mat Min Exi Min Mat Fac Low Low Zio Matter Collected 3998 | 278 168 354 12 . 32 1261 670 162 111 950 Remotely 349 | . . . . . . . . . . 349 Salvage Created 4704 | 93 155 718 12 . . 1521 906 222 45 1032 Parts 331 | 13 15 53 6 . . 89 47 11 3 94 Haulers Intercepted 8 | . . 4 . . . 2 2 . . . Recyclers Shooed 1 | 1 . . . . . . . . . . Parts Field Recycled . | . . . . . . . . . . . Retrieved Matter . | . . . . . . . . . . . Parts Self-Destructed 18 | . . . . . . . . 14 4 . Prevented . | . . . . . . . . . . . Kills | -11 -10 -9 -9 -9 -8 -8 -7 -7 -7 -7 ------- Run | Yrd Mat Mat Min Exi Min Mat Fac Low Low Zio Combat Hostiles Destroyed 82 | . 5 16 3 . . 30 13 7 1 7 Guns 72 | . 5 14 . . . 25 13 7 1 7 AOE 10 | . . 2 3 . . 5 . . . . Classes Destroyed 18 | 1 3 3 . . . 5 2 . . 4 Worker 1 | . . . . . . 1 . . . . Tunneler 6 | 5 . . . . . . 1 . . . Hauler 8 | . . 4 . . . 2 2 . . . Recycler 5 | . . . . . . 4 1 . . . Operator 4 | . . 1 . . . 1 2 . . . Watcher 5 | . 1 1 . . . 2 1 . . . Swarmer 32 | . 3 6 3 . . 14 1 5 . . Grunt 24 | . 2 8 . . . 7 6 1 . . Duelist 1 | . . . . . . . 1 . . . Sentry 11 | . . 2 . . . 5 3 1 . . Specialist 2 | . . . . . . 2 . . . . Hunter 2 | . . . . . . 1 . . 1 . Programmer 2 | . . . . . . . 2 . . . Heavy 1 | . . . . . . 1 . . . . Zionite 37 | . . . . . . . . . . 37 Tinkerer 4 | . . . . . . . . . . 4 Butcher 1 | . . . . . . . . . . 1 Martyr 1 | . . . . . . . . . . 1 Mutant 4 | . . . . . . . . . . 4 Best Kill Streak 16 | 2 2 3 3 . . 13 6 4 1 16 Combat Bots Only 10 | . 2 3 3 . . 10 5 4 1 5 Max Kills in Single Turn 6 | 1 1 2 3 . . 6 1 2 1 2 Gunslinging 1 | . . 1 . . . . . . . . Exploded 3 | . . 1 3 . . 3 . . . . Melee . | . . . . . . . . . . . Uniques/NPCs Destroyed 1 | . . . . . . . . . . 1 Imprinter (-7/Zion) Combat | -11 -10 -9 -9 -9 -8 -8 -7 -7 -7 -7 -------- Run | Yrd Mat Mat Min Exi Min Mat Fac Low Low Zio Hostile Shots Fired 542 | . 22 58 2 . . 77 58 54 2 269 Missed 176 | . 8 18 1 . . 19 22 17 . 91 Damage Taken 6441 | . 146 447 6 . . 831 448 325 34 4204 Core 916 | . 31 78 . . . 82 29 . . 696 Absorbed by Shields . | . . . . . . . . . . . Redirected to Shielding 101 | . . . . . . 59 42 . . . Regen/Repaired (Parts) 94 | . . . . . . 83 . . . 11 Core Remaining (%) 88 | 100 87 . . . 80 85 . . . . Volleys Fired 348 | 21 37 64 1 . . 57 37 14 1 116 Largest 3 | 2 2 3 2 . . 1 1 1 1 3 Hottest 114 | 40 40 99 56 . . 60 60 60 60 114 Shots Fired 538 | 42 66 163 2 . . 57 37 14 1 156 Gun 508 | 42 66 161 1 . . 54 37 13 1 133 Cannon . | . . . . . . . . . . . Launcher 30 | . . 2 1 . . 3 . 1 . 23 Special . | . . . . . . . . . . . Kinetic 442 | 42 66 125 1 . . 54 37 13 1 103 Thermal 66 | . . 36 . . . . . . . 30 Explosive 30 | . . 2 1 . . 3 . 1 . 23 Electromagnetic . | . . . . . . . . . . . Robot Hit Streak 23 | 13 7 10 1 . . 15 14 10 4 23 Robot Miss Streak 6 | 3 4 5 1 . . 6 3 4 1 5 Penetration Max . | . . . . . . . . . . . Secondary Targets 6 | . . 2 . . . . . . . 4 Max Gunslinging Chain 1 | . . 1 . . . . . . . 1 Shots Hit Robots 414 | 31 41 101 1 . . 56 36 10 1 137 Core Hits 226 | 11 11 40 3 . . 54 31 8 1 67 Critical Kills . | . . . . . . . . . . . Critical Parts Destroyed 1 | 1 . . . . . . . . . . Critical Strikes 5 | 1 . 2 . . . . . . . 2 Burn 2 | . . 2 . . . . . . . . Destroy 1 | 1 . . . . . . . . . . Impale 2 | . . . . . . . . . . 2 Melee Attacks 31 | . 3 . . . . . . . . 28 Impact 3 | . 3 . . . . . . . . . Slashing . | . . . . . . . . . . . Piercing 28 | . . . . . . . . . . 28 Sneak Attacks . | . . . . . . . . . . . Combat Hostiles . | . . . . . . . . . . . Follow-up Attacks . | . . . . . . . . . . . Damage Inflicted 12253 | 259 357 1571 176 . . 3088 2086 503 42 4171 Guns 9474 | 259 334 1279 . . . 2515 2086 503 42 2456 Cannons . | . . . . . . . . . . . Explosions 2205 | . . 292 176 . . 573 . . . 1164 Melee 551 | . . . . . . . . . . 551 Ramming 23 | . 23 . . . . . . . . . Kinetic 8687 | 259 334 841 . . . 2515 2086 503 42 2107 Thermal 787 | . . 438 . . . . . . . 349 Explosive 2205 | . . 292 176 . . 573 . . . 1164 Electromagnetic . | . . . . . . . . . . . Impact . | . . . . . . . . . . . Slashing . | . . . . . . . . . . . Piercing 551 | . . . . . . . . . . 551 Highest Corruption 7 | . . . . . . . . . . 7 Average Corruption 4 | . . . . . . . . . . 4 Corruption Purged . | . . . . . . . . . . . Corruption Blocked . | . . . . . . . . . . . Effects 19 | . . . . . . . . . . 19 Message Errors 3 | . . . . . . . . . . 3 Matter Fused 6 | . . . . . . . . . . 6 Heat Flow Errors 3 | . . . . . . . . . . 3 Energy Discharges 2 | . . . . . . . . . . 2 Parts Fused 1 | . . . . . . . . . . 1 Data Loss (major) 1 | . . . . . . . . . . 1 Misfires 1 | . . . . . . . . . . 1 Weapon Failures 2 | . . . . . . . . . . 2 Overload Shots . | . . . . . . . . . . . Overflow Damage 80 | . . 2 . . . 25 . . . 53 Projectiles . | . . . . . . . . . . . Explosions 53 | . . 2 . . . 25 . . . 26 Melee 27 | . . . . . . . . . . 27 Knockbacks . | . . . . . . . . . . . Impact . | . . . . . . . . . . . Kinetic . | . . . . . . . . . . . Secondary . | . . . . . . . . . . . Self-Inflicted Damage 226 | . . . . . . . . . . 226 Shots 7 | . . . . . . . . . . 7 Rammed 4 | . 4 . . . . . . . . . Targets Rammed 4 | . 4 . . . . . . . . . Kicked . | . . . . . . . . . . . Crushed . | . . . . . . . . . . . Highest Temperature 589 | . 12 351 . . . 517 362 236 37 589 Average Temperature 126 | . 6 91 . . . 128 109 82 27 160 Received Heat Transfer 971 | . 72 147 . . . 225 138 15 . 374 Effects 30 | . . 1 . . . 4 3 . . 22 Shutdowns 7 | . . 1 . . . 2 . . . 4 Energy Bleed 1 | . . . . . . . 1 . . . Interference 5 | . . . . . . . 2 . . 3 Matter Decay 3 | . . . . . . 1 . . . 2 Short Circuit 4 | . . . . . . . . . . 4 Damage (minor) 3 | . . . . . . 1 . . . 2 Damage (major) 4 | . . . . . . . . . . 4 Damage (core) 3 | . . . . . . . . . . 3 Siege Activations . | . . . . . . . . . . . Robots Corrupted . | . . . . . . . . . . . Combat Hostiles . | . . . . . . . . . . . Parts Fried . | . . . . . . . . . . . Impact Corruptions . | . . . . . . . . . . . Robots Melted . | . . . . . . . . . . . Combat Hostiles . | . . . . . . . . . . . Parts Melted 2 | . . . . . . . . . . 2 Heat Transferred 1850 | . . 1110 . . . . . . . 740 Parts Sabotaged . | . . . . . . . . . . . Parts Stolen . | . . . . . . . . . . . Parts Stripped . | . . . . . . . . . . . Power Chain Reactions . | . . . . . . . . . . . Alert | -11 -10 -9 -9 -9 -8 -8 -7 -7 -7 -7 ------- Run | Yrd Mat Mat Min Exi Min Mat Fac Low Low Zio Peak Influence 694 | 25 58 238 125 . . 694 220 . . . Initial 220 | . 16 . 39 . . . 220 . . . Average 191 | 8 21 73 59 . . 478 143 . . . Maximum Alert Level 2 | . . 1 . . . 2 1 . . . Low Security (%) 63 | 100 100 96 100 . 100 5 66 . . . Level 1 11 | . . 3 . . . 6 33 . . . Level 2 25 | . . . . . . 87 . . . . Level 3 . | . . . . . . . . . . . Level 4 . | . . . . . . . . . . . Level 5 . | . . . . . . . . . . . High Security . | . . . . . . . . . . . Max Security . | . . . . . . . . . . . Squads Dispatched 15 | . 1 1 . . . 8 5 . . . Investigation 2 | . 1 . . . . 1 . . . . Extermination 2 | . . . . . . . 2 . . . Reinforcement 4 | . . 1 . . . 3 . . . . Assault 1 | . . . . . . 1 . . . . Garrison 6 | . . . . . . 3 3 . . . Intercept . | . . . . . . . . . . . Searches Triggered . | . . . . . . . . . . . Construction Impeded 1 | . . . . . . 1 . . . . Haulers Reinforced . | . . . . . . . . . . . Active Scanning Responses . | . . . . . . . . . . . Cargo Convoy Interrupts . | . . . . . . . . . . . Stealth | -11 -10 -9 -9 -9 -8 -8 -7 -7 -7 -7 --------- Run | Yrd Mat Mat Min Exi Min Mat Fac Low Low Zio Distress Signals 8 | . 2 4 . . . 1 1 . . . Communications Jammed . | . . . . . . . . . . . Distress Signals . | . . . . . . . . . . . Times Spotted 151 | . 11 32 3 . . 32 16 8 1 48 Peak Tracking Total 5 | . 3 5 3 . . 5 5 5 1 5 Tactical Retreats 5 | . 1 2 . . . 1 . 1 . . Traps | -11 -10 -9 -9 -9 -8 -8 -7 -7 -7 -7 ------- Run | Yrd Mat Mat Min Exi Min Mat Fac Low Low Zio Traps Triggered 5 | . 1 . . . . 3 1 . . . Indirectly . | . . . . . . . . . . . Trap Hack Attempts . | . . . . . . . . . . . Triggered . | . . . . . . . . . . . Disarmed . | . . . . . . . . . . . Reprogrammed . | . . . . . . . . . . . Reused . | . . . . . . . . . . . Traps Extracted . | . . . . . . . . . . . Installed . | . . . . . . . . . . . Triggered . | . . . . . . . . . . . Machines | -11 -10 -9 -9 -9 -8 -8 -7 -7 -7 -7 ---------- Run | Yrd Mat Mat Min Exi Min Mat Fac Low Low Zio Machines Disabled 9 | . . . 1 . . 3 2 1 . 2 Max in Single Turn 1 | . . . 1 . . 1 1 1 . 1 Machines Repaired . | . . . . . . . . . . . Machines Dismantled . | . . . . . . . . . . . Machines Sabotaged . | . . . . . . . . . . . Overloaded Fab Kills . | . . . . . . . . . . . Hacking | -11 -10 -9 -9 -9 -8 -8 -7 -7 -7 -7 --------- Run | Yrd Mat Mat Min Exi Min Mat Fac Low Low Zio Machines Accessed 31 | . 7 2 . 5 . 6 9 1 . 1 Terminals 21 | . 7 2 . . . 5 7 . . . Fabricators 2 | . . . . . . . 2 . . . Repair Stations 1 | . . . . . . 1 . . . . Recycling Units . | . . . . . . . . . . . Scanalyzers . | . . . . . . . . . . . Garrison Access . | . . . . . . . . . . . Total Hacks 125 | . 29 4 . 50 . 21 17 1 . 3 Successful 98 | . 17 2 . 50 . 17 8 1 . 3 Failed 27 | . 12 2 . . . 4 9 . . . Catastrophic 4 | . 1 1 . . . . 2 . . . Database Lockouts . | . . . . . . . . . . . Manual 39 | . 22 2 . 1 . 10 4 . . . Terminals 65 | . 29 4 . . . 18 14 . . . Fabricators 3 | . . . . . . . 3 . . . Repair Stations 3 | . . . . . . 3 . . . . Recycling Units . | . . . . . . . . . . . Scanalyzers . | . . . . . . . . . . . Garrison Access . | . . . . . . . . . . . Terminal Hacks 74 | . 7 1 . 50 . 7 5 1 . 3 Record 51 | . . . . 49 . 1 . 1 . . Part Schematic 3 | . . . . . . . . . . 3 Prototype ID Bank 3 | . 2 . . . . 1 . . . . Open DSF 1 | . . . . . . . 1 . . . Branch Access Points 1 | . . . . . . . 1 . . . Unreport Threat 3 | . 2 1 . . . . . . . . Locate Traps 2 | . . . . . . 2 . . . . Surveillance Status 1 | . . . . . . 1 . . . . Patrol Status 1 | . . . . . . 1 . . . . Transport Status 1 | . . . . . . . 1 . . . Hauler Manifests 3 | . 1 . . . . 1 1 . . . Registered Components 2 | . 1 . . . . . 1 . . . Zone Layout 1 | . 1 . . . . . . . . . Derelict Proto ID Bank 1 | . . . . 1 . . . . . . Fabricator Hacks 1 | . . . . . . . 1 . . . Network Status 1 | . . . . . . . 1 . . . Repair Station Hacks 3 | . . . . . . 3 . . . . Scan Component 2 | . . . . . . 2 . . . . Repair 1 | . . . . . . 1 . . . . Recycling Unit Hacks . | . . . . . . . . . . . Scanalyzer . | . . . . . . . . . . . Garrison Access Hacks . | . . . . . . . . . . . Unauthorized Hacks 20 | . 10 1 . . . 7 2 . . . Terminals 20 | . 10 1 . . . 7 2 . . . Track 2 | . 2 . . . . . . . . . Botnet 7 | . 2 1 . . . 2 2 . . . Skim 11 | . 6 . . . . 5 . . . . Fabricators . | . . . . . . . . . . . Repair Stations . | . . . . . . . . . . . Recycling Units . | . . . . . . . . . . . Scanalyzers . | . . . . . . . . . . . Garrison Access . | . . . . . . . . . . . Data Cores Recovered 3 | . . . . . . 1 2 . . . Used . | . . . . . . . . . . . Hacking Detections 21 | . 7 2 . . . 5 7 . . . Full Trace Events 1 | . 1 . . . . . . . . . Feedback Events . | . . . . . . . . . . . Feedback Blocked . | . . . . . . . . . . . Robot Schematics Acquired . | . . . . . . . . . . . Robots Built . | . . . . . . . . . . . Authchips . | . . . . . . . . . . . Time . | . . . . . . . . . . . Total Robot Build Rating . | . . . . . . . . . . . Part Schematics Acquired 3 | . . . . . . . . . . 3 Parts Built . | . . . . . . . . . . . Authchips . | . . . . . . . . . . . Time . | . . . . . . . . . . . Total Part Build Rating . | . . . . . . . . . . . Parts Repaired 1 | . . . . . . 1 . . . . Time 26 | . . . . . . 26 . . . . Parts Recycled . | . . . . . . . . . . . Recycled Matter . | . . . . . . . . . . . Retrieved Matter . | . . . . . . . . . . . Retrieved Components . | . . . . . . . . . . . Parts Scanalyzed . | . . . . . . . . . . . Part Schematics Acquired . | . . . . . . . . . . . Parts Damaged . | . . . . . . . . . . . Bothacking | -11 -10 -9 -9 -9 -8 -8 -7 -7 -7 -7 ------------ Run | Yrd Mat Mat Min Exi Min Mat Fac Low Low Zio Used RIF Installer . | . . . . . . . . . . . Robots Hacked . | . . . . . . . . . . . Non-combat . | . . . . . . . . . . . Combat . | . . . . . . . . . . . Robot Hacks Applied . | . . . . . . . . . . . Relay Couplers Released . | . . . . . . . . . . . Fabnet Peak Effective % . | . . . . . . . . . . . Robots Rewired . | . . . . . . . . . . . Allies Hacked . | . . . . . . . . . . . Hacks Repelled . | . . . . . . . . . . . Allies | -11 -10 -9 -9 -9 -8 -8 -7 -7 -7 -7 -------- Run | Yrd Mat Mat Min Exi Min Mat Fac Low Low Zio Total Allies . | . . . . . . . . . . . Largest Group . | . . . . . . . . . . . Highest-Rated Group . | . . . . . . . . . . . Highest-Rated Ally . | . . . . . . . . . . . Total Orders . | . . . . . . . . . . . Ally Attacks . | . . . . . . . . . . . Total Damage . | . . . . . . . . . . . Kills . | . . . . . . . . . . . Allies Corrupted . | . . . . . . . . . . . Allies Melted . | . . . . . . . . . . . Intel | -11 -10 -9 -9 -9 -8 -8 -7 -7 -7 -7 ------- Run | Yrd Mat Mat Min Exi Min Mat Fac Low Low Zio Robot Analysis Total . | . . . . . . . . . . . Derelict Logs Recovered 5 | . . . 2 . . . . 1 1 1 Drone Launches . | . . . . . . . . . . . Drone Recoveries . | . . . . . . . . . . . Exploration | -11 -10 -9 -9 -9 -8 -8 -7 -7 -7 -7 ------------- Run | Yrd Mat Mat Min Exi Min Mat Fac Low Low Zio Turns Passed 9528 | 249 967 832 221 728 336 1652 1499 456 269 2319 Spaces Moved 4684 | 110 492 304 133 454 211 647 834 263 161 1075 Core 3 | 3 . . . . . . . . . . Treads 4681 | 107 492 304 133 454 211 647 834 263 161 1075 Legs . | . . . . . . . . . . . Wheels . | . . . . . . . . . . . Hover . | . . . . . . . . . . . Flight . | . . . . . . . . . . . Fastest Speed 50 | 50 160 160 160 160 160 155 158 163 163 165 Average Speed 169 | 157 160 160 160 160 160 199 161 163 164 173 Slowest Speed 246 | 160 240 160 160 160 160 238 163 163 167 246 Overloaded Moves . | . . . . . . . . . . . Propulsion Burnouts . | . . . . . . . . . . . Robots Hopped . | . . . . . . . . . . . Cave-ins Triggered . | . . . . . . . . . . . Exploration Rate (%) 50 | 7 75 26 38 92 53 63 27 46 39 86 Regions Visited 10 Branch Regions 6 Pre-discovered Areas 5 | . 1 . 1 1 . . . . . 2 Known Exits Taken 6 | . 1 . 1 . 1 . 1 1 1 . Unknown Exits Taken 4 | 1 . 1 . 1 . 1 . . . . Scrap Searched 9 | . . . . . 1 . . 1 3 4 Spaces Dug 3 | . 3 . . . . . . . . . Terrain Destroyed 159 | . 3 21 1 . . 69 2 5 . 58 Melee 3 | . 3 . . . . . . . . . Projectile 55 | . . . . . . 53 2 . . . AOE 101 | . . 21 1 . . 16 . 5 . 58 Terrain Rammed . | . . . . . . . . . . . Walls Destroyed . | . . . . . . . . . . . Machines Disabled . | . . . . . . . . . . . Actions | -11 -10 -9 -9 -9 -8 -8 -7 -7 -7 -7 --------- Run | Yrd Mat Mat Min Exi Min Mat Fac Low Low Zio Total 5889 | 148 609 535 139 458 210 1012 997 289 165 1327 Wait 605 | 5 62 132 . . . 254 87 6 1 58 Move 4674 | 109 491 303 132 453 210 646 833 262 160 1075 Hop . | . . . . . . . . . . . Pick Up 59 | 4 6 10 1 1 . 16 11 . 1 9 Fast Attach 29 | 7 . 3 . . . 6 3 3 . 7 Attach 30 | . . 3 . . . 6 4 1 1 15 Detach 7 | . . 1 . . . 3 1 1 . 1 Swap 36 | 2 5 7 3 . . 8 5 . . 6 Drop 66 | . 1 12 2 4 . 16 16 2 1 12 Fire 348 | 21 37 64 1 . . 57 37 14 1 116 Melee 31 | . 3 . . . . . . . . 28 Ram . | . . . . . . . . . . . Kick . | . . . . . . . . . . . Crush 4 | . 4 . . . . . . . . . Escape Stasis . | . . . . . . . . . . . Rewire . | . . . . . . . . . . . Trap . | . . . . . . . . . . . Miscellaneous . | . . . . . . . . . . . Route ------- -11/Scrapyard -10/Materials (discovered 6 exits: *Mat x3 / [*Min x2] / Sub) -9/Materials (discovered 3 exits: [*Min x2] / [*Sto]) -9/Mines (discovered 2 exits: Mat / *Exi) -9/Exiles (discovered 2 exits: [*Min x2]) -8/Mines (discovered 2 exits: *Mat x2) -8/Materials (discovered 2 exits: *Fac x2) -7/Factory (discovered 3 exits: *Fac / *Low x2) -7/Lower Caves -7/Lower Caves -7/Zion (discovered 1 exit: [*Pro]) History --------- Turn | Location | Event 27 | -11/Scrapyard | Discovered new exit (range 15) 250 | -11/Scrapyard | Entered Materials 317 | -10/Materials | Build established: Mutant 435 | -10/Materials | Discovered new exit (range 12) 554 | -10/Materials | Discovered new exit (range 14) 809 | -10/Materials | Discovered new exit (range 9) 962 | -10/Materials | Discovered new exit (range 5) 1047 | -10/Materials | Learned location of 2 exits from Mines 1085 | -10/Materials | Learned location of 2 exits from Subcaves 1111 | -10/Materials | Learned 4 Subcaves zone layouts 1131 | -10/Materials | Learned Storage emergency access door positions 1132 | -10/Materials | Learned location of Mines (-9) 1134 | -10/Materials | Loaded intel: 11 trap records 1145 | -10/Materials | Identified exit to Subcaves 1145 | -10/Materials | Identified exit to Materials 1217 | -10/Materials | Entered another Materials area 1217 | -9/Materials | Evolved 2 slots: Utility x1, Weapon x1 1219 | -9/Materials | Discovered new exit (range 8) 1511 | -9/Materials | Discovered new exit (range 16) 1527 | -9/Materials | Build established: Tank 1879 | -9/Materials | Discovered new exit (range 12) 2049 | -9/Materials | Entered Mines 2050 | -9/Mines | Identified exit to Materials 2050 | -9/Mines | Identified exit to Exiles 2064 | -9/Mines | Learned location of Storage (-9) 2112 | -9/Mines | Learned Materials stockpile data 2193 | -9/Mines | Deemed a non-threat by the Exiles lab entrance 2270 | -9/Mines | Entered Exiles 2296 | -9/Exiles | Discovered new exit (range 14) 2326 | -9/Exiles | Met 8R-AWN 2354 | -9/Exiles | Met EX-HEX 2440 | -9/Exiles | Met EX-DEC 2471 | -9/Exiles | Visited The Gauntlet 2522 | -9/Exiles | Build established: Scavenger-Tank 2666 | -9/Exiles | Met EX-BIN 2693 | -9/Exiles | Aligned with FarCom system 2694 | -9/Exiles | Given EX-Vault access code 2779 | -9/Exiles | Opened EX-Vault 2789 | -9/Exiles | Found XL Autogun Array 2824 | -9/Exiles | Warned to stay clear of 0b10 Research branches 2886 | -9/Exiles | Learned location of Zion (-7) 2977 | -9/Exiles | Discovered new exit (range 14) 2998 | -9/Exiles | Left Exiles lab with XL Autogun Array 2998 | -9/Exiles | Entered Mines 3208 | -8/Mines | Discovered exit to Materials (range 9) 3302 | -8/Mines | Build established: Scavenger-Skirmisher 3326 | -8/Mines | Discovered exit to Materials (range 5) 3334 | -8/Mines | Entered Materials 3334 | -8/Materials | Evolved 2 slots: Propulsion x1, Weapon x1 3413 | -8/Materials | Garrison activated, responded to threat 3453 | -8/Materials | Destroyed 10 combat bots 3872 | -8/Materials | Discovered new exit (range 13) 3894 | -8/Materials | Repaired Lgt. Armor Plating 4267 | -8/Materials | Build established: Skirmisher 4597 | -8/Materials | Discovered new exit (range 16) 4847 | -8/Materials | Learned location of 2 exits from Lower Caves 4863 | -8/Materials | Build established: Tank 4908 | -8/Materials | Learned Factory emergency access door positions 4934 | -8/Materials | First assault squad dispatched 4959 | -8/Materials | Learned Storage emergency access door positions 4986 | -8/Materials | Entered Factory 4986 | -7/Factory | Evolved 2 slots: Propulsion x1, Utility x1 5292 | -7/Factory | Build established: Skirmisher 5424 | -7/Factory | Identified exit to Lower Caves 5953 | -7/Factory | Garrison activated, responded to threat 6279 | -7/Factory | Build established: Tank 6358 | -7/Factory | Discovered new exit (range 4) 6383 | -7/Factory | Identified exit to Factory 6485 | -7/Factory | Entered Lower Caves 6486 | -7/Lower Caves | Identified exit to Lower Caves 6535 | -7/Lower Caves | Attracted the attention of an 0b10 checkpoint 6572 | -7/Lower Caves | Spotted B-75 Beast 6858 | -7/Lower Caves | Found Alien Artifact 6858 | -7/Lower Caves | Identified Dimensional Node Initializer 6858 | -7/Lower Caves | Initialized slip node 6941 | -7/Lower Caves | Entered another Lower Caves area 6942 | -7/Lower Caves | Identified exit to Zion 7077 | -7/Lower Caves | Learned Factory stockpile data 7210 | -7/Lower Caves | Entered Zion 7312 | -7/Zion | Discovered new exit (range 15) 7406 | -7/Zion | Learned location of Data Miner (-6) 7446 | -7/Zion | Given A8's code to call for help 7483 | -7/Zion | Learned location of Armory (-3) 7580 | -7/Zion | Found CR-A16's Pointy Stick 7730 | -7/Zion | Rebuked by Imprinter 7990 | -7/Zion | Learned Factory terminal intel 8282 | -7/Zion | Given the Hacking Drone Bay 8286 | -7/Zion | Found Prototype Device 8286 | -7/Zion | Identified Hacking Drone Bay 8702 | -7/Zion | Attacked by Zionites 8702 | -7/Zion | Destroyed Imprinter 8758 | -7/Zion | Extracted access codes from Imprinter's data core 9090 | -7/Zion | Core integrity fell below 50% 9184 | -7/Zion | Lost 7 parts (1p2n1u3w) 9212 | -7/Zion | Core integrity fell below 20% 9381 | -7/Zion | Build established: Scavenger-Mutant 9529 | -7/Zion | Destroyed by 5H-WN7(z) with Makeshift Sword Last Messages --------------- the Twisted Machinery. 09428_ System corrupted: Substantial component data lost. 09429_ 1O-4DF(z) destroyed. 09432_ WK-QHI(z) destroyed. 09451_ A7-VYU(z) pulls a Mak. Hammer out of the Twisted Machinery. 09452_ System corrupted: Matter fused (-8). 09460_ A7-VYU(z) destroyed. 09463_ Acquired 10 matter. 09469_ System corrupted: Matter fused (-5). 09473_ Acquired 4 matter. 09476_ The unstable cave ceiling collapses. 09490_ Mak. Leg destroyed. 09498_ UTT8IHFYJ# &LH8YK9|>RV3BJM 09504_ Acquired 4 matter. 5H-WN7(z) bursts out of the Twisted Machinery. 09520_ Arm. Treads destroyed. 09527_ Hrd. Heavy Armor Plating destroyed. 09528_ System corrupted: Matter fused (-8). Map ----- +----------------------------------------------------+ | ????????????????????#"& #""""" " | | ?????????????????????# #""""" ! | | ?????????????????????#" " "" " = | | ?????????????????????#"" " | | ?????????????????????##### * | | ?????????????????????????## %= | | ??????????????????????????# / * | | ??????????????????????????## | | ??????????????????????????#" = | | ?????????????????????????#"#" "" % | | ?????????????????????????####" | | ???????????????????????????#"" "" | | ???????????????????????????##" " | | ????????????????????????????# """" "" | | ????????????????????????????# """" "" | | ????????????????????????????## "" | | ?????????????????????????????#" = "" | | ?????????????????????????????#" / ! " | | ?????????????????????????????###"# = = " | | ???????????????????????????????### =! " | | ???????????????????????????????## * """ | | ????????????????#########?????## """ | | ??????????????"##"#""#""####??## """ | | ?????##########"""""" """#"####" "" | | ????""""""""" #""" !%"z" *" "" | | ???"""""""""" #"#" =%@ ] !M =% = "" | | ????" #""" ! ==%== "# | | ??????""" ##"" /!!* /= = "" "" | | ?????""""" *! "#" / """" "" | | ?????""""" = =%=# ## = =%==""""""" " | | ?????""""" = %## # # = """"#"" | | ??????""" ### % ""### # # /="#""""" " | | ????" # = """## # """"" """ | | ???"""""""""" #" "### # ##""" """ | | ????""""""""" ## " ""####### #""" """ | | ?????###########"" "##??####""" """ """"" | | ??????????#####""# ""#?##"##"" """"" | | ?????????##" "####! %=###?#""""" """"""""##" | | ?????????#" !%!!| #???##"" """""""""""""#### | | ?????????#" =!*![!% #???#"" ""#""#"########## | | ?????????#" [! !%! #???##"" ""#####?????##"" | | ?????????## ! ####|=! #???#"""" ""##???????##""" | | ??????????# #??######???##"""" """#########""" | | ??????????# =#????????????##""" ""#"""## ##""" | | ?????????"" "?????????????##" """ "# " | | ????????##" !"#????????????##" " / " | | ???????? "! %" ????????????#"" " """ | | ???????" % ! "??????????#"#""""" " | | ??????""" = "??????????#""""""" "" | | ??????"""" ""??????????######" """ | +----------------------------------------------------+ Best States ------------- Heat Dissipation 34 Energy Generation 18 Energy Capacity 310 Matter Stores 300 Matter Capacity 300 Sight Range 16 Terrain Scan Density 10 Armor Coverage 825 Weapon Shielding 66 Evasion (%) 40 Targeting Accuracy 6 Recoil Reduction 4 Item Schematics ----------------- Flamer | -7/Zion | Free Hvy. Riot Gun | -7/Zion | Free Tactical Coordination Suite | -7/Zion | Free Robot Schematics ------------------ None Fabricated ------------ Nothing Alien Tech Used ----------------- Dimensional Node Initializer Achievements -------------- Monster Challenges ------------ None Game ------ Seed SapperKineticPlating Manual? 0 Play Time 01:25:57 Cumulative 61.8 hours Start 2024.12.08 @ 16:18:34 End 2024.12.08 @ 18:35:02 Sessions 1 Manual Loads 0 Difficulty Rogue Special Mode None Game No. 30 Rogue 30 Adventurer 0 Explorer 0 Win Type - Total 7 Types 7/0/0/0/0/0/0/0/0 Lore% 48 Gallery% 47 Achievement% 44 Wizard Run 0 Options --------- Layout 1 ASCII 1 Keyboard 0 Movement Vi Keybinds 0 Fullscreen 1 Font 18/SmallcapsGlow Map View 54x44 Zoom Use 0% Tactical HUD 1 Map Filters NONE Filters NONE Steam 0 RUN: e452ef0d-8782-4106-ad66-3902d3ec8190